 Dungeon Crawl Stone Soup version 0.21.1-1-g345015f (webtiles) character file.

1362 tidbits the Charmwright (level 8, -9/64 HPs)
             Began as a Gnoll Skald on June 25, 2018.
             Mangled by an orc warrior
             ... wielding a +0 bardiche
              (22 damage)
             ... in a bailey.
             The game lasted 00:11:30 (1375 turns).

tidbits the Charmwright (Gnoll Skald)               Turns: 1375, Time: 00:11:31

Health: -9/64      AC: 10    Str: 15    XL:     8   Next: 64%
Magic:  6/17       EV: 14    Int: 20    God:
Gold:   211        SH:  0    Dex: 14    Spells: 8/19 levels left

rFire    . . .     SeeInvis .   h - +0 war axe
rCold    . . .     Gourm    .   (no shield)
rNeg     . . .     Faith    .   B - +1 ring mail
rPois    .         Spirit   .   (no helmet)
rElec    .         Reflect  .   (no cloak)
rCorr    .         Harm     .   G - +2 pair of gloves
MR       .....                  (no boots)
Stlth    ++........             (no amulet)
HPRegen  0.20/turn              f - +3 ring of intelligence
MPRegen  0.15/turn              i - ring of wizardry

@: singing
A: distributed training, fangs 1, strong nose
a: no special abilities


You were in a bailey.
You were not hungry.

You visited 1 branch of the dungeon, and saw 8 of its levels.
You also visited: Bailey.

You collected 211 gold pieces.

Inventory:

Hand Weapons
 a - a +0 lajatang
 e - a +0 dagger
 h - a +0 war axe (weapon)
 k - a +0 trident
 m - a +0 hand axe
 p - a +2 flail of protection
   (You took it off an orc priest on level 3 of the Dungeon)
 r - a +0 blowgun
Missiles
 n - 34 arrows
Armour
 b - a +0 leather armour
 B - a +1 ring mail (worn)
 G - a +2 pair of gloves (worn)
Jewellery
 f - a +3 ring of intelligence (left hand)
   (You found it on level 1 of the Dungeon)
 i - a ring of wizardry (right hand)
   (You found it on level 9 of the Dungeon)
Wands
 j - a wand of polymorph (14)
Scrolls
 o - a scroll of enchant weapon
 q - a scroll of amnesia {unknown}
Books
 d - a book of Battle

   Spells                             Type                      Level
   a - Infusion                       Charms                       1
   b - Shroud of Golubria             Charms/Translocation         2
   c - Song of Slaying                Charms                       2
   d - Spectral Weapon                Hexes/Charms                 3
   e - Regeneration                   Charms/Necromancy            3
 l - a book of Misfortune
   (You found it on level 2 of the Dungeon)

   Spells                             Type                      Level
   a - Confusing Touch                Hexes                        1
   b - Confuse                        Hexes                        3
   c - Gell's Gravitas                Translocation                3
   d - Petrify                        Transmutation/Earth          4
   e - Metabolic Englaciation         Hexes/Ice                    5
   f - Yara's Violent Unravelling     Hexes/Transmutation          5
Comestibles
 c - 4 rations


   Skills:
 + Level 5.7 Fighting
 + Level 3.4 Short Blades
 + Level 3.4 Long Blades
 + Level 5.7 Axes
 + Level 3.4 Maces & Flails
 + Level 3.4 Polearms
 + Level 3.4 Staves
 + Level 3.4 Slings
 + Level 3.4 Bows
 + Level 3.4 Crossbows
 + Level 3.4 Throwing
 + Level 4.3 Armour
 + Level 5.7 Dodging
 + Level 3.4 Stealth
 + Level 3.4 Shields
 + Level 3.4 Unarmed Combat
 + Level 6.1 Spellcasting
 + Level 2.7 Conjurations
 + Level 2.7 Hexes
 + Level 6.2 Charms
 + Level 2.7 Summonings
 + Level 2.7 Necromancy
 + Level 2.7 Translocations
 + Level 2.7 Transmutations
 + Level 2.7 Fire Magic
 + Level 2.7 Ice Magic
 + Level 2.7 Air Magic
 + Level 2.7 Earth Magic
 + Level 2.7 Poison Magic
 + Level 3.7 Invocations
 + Level 3.4 Evocations


You had 8 spell levels left.
You knew the following spells:

 Your Spells              Type           Power        Failure   Level  Hunger
g - Shroud of Golubria    Chrm/Tloc      ###.......   1%          2    None
i - Infusion              Chrm           ####         1%          1    None
r - Regeneration          Chrm/Necr      ###.......   3%          3    ##.....
w - Spectral Weapon       Hex/Chrm       ###.....     3%          3    ##.....
y - Song of Slaying       Chrm           ####....     1%          2    None


Dungeon Overview and Level Annotations

Branches:
Dungeon (10/15)
 Temple: D:4-7         Lair: D:8-11         Orc: D:9-12

Altars:
Ashenzari
The Shining One

Annotations:
D:3 kae's ghost, amateur MiFi
D:7 exclusion: oklob plant


Innate Abilities, Weirdness & Mutations

Your experience applies equally to all skills.
You have very sharp teeth.
Your uncanny sense of smell can sniff out nearby items.


Message History

a spear; a scale mail You swap places.
You see here a trident.
Things that are here:
a war axe; an orc corpse
Casting: Regeneration
Confirm with . or Enter, or press ? or * to list all spells.
Your skin crawls.
Things that are here:
a war axe; an orc corpse You butcher the orc corpse.
Things that are here:
a war axe; 4 chunks of flesh; an orc skeleton Eat one of 4 chunks of flesh? (ye/n/q)
You eat one of the 4 chunks of flesh.
This raw flesh tastes terrible.
Your spectral weapon fades away.
Things that are here:
a trident; an orc corpse
Things that are here:
a spear; a chain mail
Things that are here:
a halberd; a chain mail
Things that are here:
a trident; a scale mail You see here a trident.
Your skin is crawling a little less now.
You open the door.
Found 79 gold pieces.
Unknown command.
There is an open door here.
Autopickup is now on.
You now have 145 gold pieces (gained 13).
Your skin stops crawling.
You now have 161 gold pieces (gained 16).
You now have 176 gold pieces (gained 15).
You now have 191 gold pieces (gained 15).
You now have 202 gold pieces (gained 11).
You now have 211 gold pieces (gained 9).
Wield which item (- for none, * to show all)? (? for menu, Esc to quit)
Okay, then.
You open the door. 7 orcs come into view.
The orc shouts! x3
An orc comes into view. It is wielding a trident.
Unknown command.
Casting: Regeneration
Confirm with . or Enter, or press ? or * to list all spells.
You start singing a song of slaying.
The orc shouts! x2 3 orc warriors come into view.
Evoke which item? (* to show all) (? for menu, Esc to quit)
Okay, then.
Unknown command.
Casting: Song of Slaying
Confirm with . or Enter, or press ? or * to list all spells.
You draw out your weapon's spirit!
The orc warrior shouts! x2
The orc warrior moves out of view.
You swap places.
You hear a shout!
An orc comes into view. It is wielding a halberd.
You barely miss the orc.
Your spectral weapon hits the orc.
The orc closely misses your spectral weapon.
The orc closely misses you.
Unknown command.
You strike the helpless orc from behind!
You slash the orc!
You kill the orc!
You hit the orc but do no damage. The orc hits you with a war axe.
The orc hits your spectral weapon but does no damage.
You slash the orc!
You kill the orc!
The orc misses you.
You slash the orc!
You kill the orc!
The orc curses noisily, in orcish tradition.
The orc warrior barely misses you.
Unknown command.
You hit the orc warrior.
The orc warrior is lightly wounded.
You closely miss the orc.
Your spectral weapon hits the orc warrior!
The orc closely misses you.
The orc warrior hits you from afar with a trident!!
Unknown command.
You miss the orc warrior.
The orc warrior is severely wounded.
You completely miss the orc.
Your spectral weapon closely misses the orc warrior.
The orc warrior hits you with a bardiche!!
* * * LOW HITPOINT WARNING * * *
The orc hits you with a hand axe.
* * * LOW HITPOINT WARNING * * *
The orc warrior closely misses you.
You hit the orc warrior. Your bite misses the orc warrior.
The orc warrior is almost dead.
You hit the orc but do no damage.
Your spectral weapon closely misses the orc warrior.
The orc warrior hits you with a bardiche!!
You die... #..o....# #.......# #.......# ....... ..oo. ooo

##o##
#)oo#
#(@.#
#...#
#...#
###'###
##.....##
#.......#
#.......#
#...)...#
#..)))..#


You could see 3 orc warriors, 5 orcs and a friendly spectral war axe.

Vanquished Creatures
  A two-headed ogre (D:9)
  A hungry ghost (D:9)
  A sky beast (D:9)
  An ogre (D:9)
  A gnoll sergeant (D:7)
  A bullfrog (D:9)
  A scorpion (D:8)
  A hound (D:7)
  An orc priest (D:3)
  A gnoll shaman (D:8)
  A hound zombie (D:8)
  8 gnolls
  2 adders (D:2)
  A worm (D:2)
  A dart slug (D:1)
  A leopard gecko (D:3)
  17 orcs
  5 goblins
  3 hobgoblins
  9 kobolds
  A quokka (D:2)
  4 bats
  A frilled lizard (D:1)
  3 rats
67 creatures vanquished.

Notes
Turn   | Place    | Note
-------+----------+-------------------------------------------
     0 | D:1      | tidbits the Gnoll Skald began the quest for the Orb.
     0 | D:1      | Reached XP level 1. HP: 20/20 MP: 6/6
    72 | D:1      | Reached XP level 2. HP: 9/26 MP: 1/7
    80 | D:1      | Learned a level 2 spell: Song of Slaying
    83 | D:1      | Learned a level 2 spell: Shroud of Golubria
   277 | D:2      | Reached XP level 3. HP: 23/31 MP: 5/9
   282 | D:2      | Learned a level 3 spell: Regeneration
   286 | D:2      | Learned a level 3 spell: Spectral Weapon
   295 | D:2      | Reached skill level 5 in Spellcasting
   369 | D:2      | Found a glowing golden altar of the Shining One.
   428 | D:2      | Reached skill level 1 in Invocations
   454 | D:2      | Found a shattered altar of Ashenzari.
   472 | D:3      | Noticed kae's ghost (amateur MiFi)
   628 | D:3      | Reached skill level 1 in Short Blades
   628 | D:3      | Reached skill level 1 in Long Blades
   628 | D:3      | Reached skill level 1 in Maces & Flails
   628 | D:3      | Reached skill level 1 in Polearms
   628 | D:3      | Reached skill level 1 in Staves
   628 | D:3      | Reached skill level 1 in Slings
   628 | D:3      | Reached skill level 1 in Bows
   628 | D:3      | Reached skill level 1 in Crossbows
   628 | D:3      | Reached skill level 1 in Throwing
   628 | D:3      | Reached skill level 1 in Stealth
   628 | D:3      | Reached skill level 1 in Shields
   628 | D:3      | Reached skill level 1 in Unarmed Combat
   628 | D:3      | Reached skill level 1 in Evocations
   628 | D:3      | Reached XP level 4. HP: 23/38 MP: 2/11
   778 | D:3      | You fall through a shaft for 3 floors!
   780 | D:6      | You fall through a shaft for 3 floors!
   813 | D:10     | Entered Level 10 of the Dungeon
   839 | D:9      | Noticed a bullfrog
   845 | D:9      | Killed a bullfrog
   845 | D:9      | Reached skill level 1 in Conjurations
   845 | D:9      | Reached skill level 1 in Hexes
   845 | D:9      | Reached skill level 1 in Summonings
   845 | D:9      | Reached skill level 1 in Necromancy
   845 | D:9      | Reached skill level 1 in Translocations
   845 | D:9      | Reached skill level 1 in Transmutations
   845 | D:9      | Reached skill level 1 in Fire Magic
   845 | D:9      | Reached skill level 1 in Ice Magic
   845 | D:9      | Reached skill level 1 in Air Magic
   845 | D:9      | Reached skill level 1 in Earth Magic
   845 | D:9      | Reached skill level 1 in Poison Magic
   845 | D:9      | Reached XP level 5. HP: 21/43 MP: 6/12
   865 | D:9      | Noticed a sky beast
   883 | D:9      | Noticed a hungry ghost
   908 | D:9      | Killed a hungry ghost
   908 | D:9      | Reached skill level 3 in Armour
   908 | D:9      | Reached skill level 2 in Invocations
   908 | D:9      | Reached XP level 6. HP: 8/50 MP: 3/13
   910 | D:9      | Killed a sky beast
   910 | D:9      | Reached skill level 5 in Fighting
   910 | D:9      | Reached skill level 2 in Short Blades
   910 | D:9      | Reached skill level 2 in Long Blades
   910 | D:9      | Reached skill level 5 in Axes
   910 | D:9      | Reached skill level 2 in Maces & Flails
   910 | D:9      | Reached skill level 2 in Polearms
   910 | D:9      | Reached skill level 2 in Staves
   910 | D:9      | Reached skill level 2 in Slings
   910 | D:9      | Reached skill level 2 in Bows
   910 | D:9      | Reached skill level 2 in Crossbows
   910 | D:9      | Reached skill level 2 in Throwing
   910 | D:9      | Reached skill level 5 in Dodging
   910 | D:9      | Reached skill level 2 in Stealth
   910 | D:9      | Reached skill level 2 in Shields
   910 | D:9      | Reached skill level 2 in Unarmed Combat
   910 | D:9      | Reached skill level 2 in Evocations
   923 | D:9      | Noticed a two-headed ogre
   964 | D:9      | Killed a two-headed ogre
   964 | D:9      | Reached skill level 3 in Short Blades
   964 | D:9      | Reached skill level 3 in Long Blades
   964 | D:9      | Reached skill level 3 in Maces & Flails
   964 | D:9      | Reached skill level 3 in Polearms
   964 | D:9      | Reached skill level 3 in Staves
   964 | D:9      | Reached skill level 3 in Slings
   964 | D:9      | Reached skill level 3 in Bows
   964 | D:9      | Reached skill level 3 in Crossbows
   964 | D:9      | Reached skill level 3 in Throwing
   964 | D:9      | Reached skill level 4 in Armour
   964 | D:9      | Reached skill level 3 in Stealth
   964 | D:9      | Reached skill level 3 in Shields
   964 | D:9      | Reached skill level 3 in Unarmed Combat
   964 | D:9      | Reached skill level 2 in Conjurations
   964 | D:9      | Reached skill level 2 in Hexes
   964 | D:9      | Reached skill level 6 in Charms
   964 | D:9      | Reached skill level 2 in Summonings
   964 | D:9      | Reached skill level 2 in Necromancy
   964 | D:9      | Reached skill level 2 in Translocations
   964 | D:9      | Reached skill level 2 in Transmutations
   964 | D:9      | Reached skill level 2 in Fire Magic
   964 | D:9      | Reached skill level 2 in Ice Magic
   964 | D:9      | Reached skill level 2 in Air Magic
   964 | D:9      | Reached skill level 2 in Earth Magic
   964 | D:9      | Reached skill level 2 in Poison Magic
   964 | D:9      | Reached skill level 3 in Invocations
   964 | D:9      | Reached skill level 3 in Evocations
   964 | D:9      | Reached XP level 7. HP: 14/56 MP: 1/15
   964 | D:9      | Reached XP level 8. HP: 16/63 MP: 1/16
  1070 | D:8      | Reached skill level 6 in Spellcasting
  1273 | D:7      | Found a flagged portal.
  1273 | D:7      | Noticed an oklob plant
  1297 | Bailey   | Entered a bailey
  1375 | Bailey   | Mangled by an orc warrior

Skill      XL: |  1  2  3  4  5  6  7  8 |
---------------+-------------------------+-----
Spellcasting   | 5 6 |  6.1
Invocations    | 1 2 3 |  3.7
Short Blades   | 1 3 |  3.4
Long Blades    | 1 3 |  3.4
Maces & Flails | 1 3 |  3.4
Polearms       | 1 3 |  3.4
Staves         | 1 3 |  3.4
Slings         | 1 3 |  3.4
Bows           | 1 3 |  3.4
Crossbows      | 1 3 |  3.4
Throwing       | 1 3 |  3.4
Stealth        | 1 3 |  3.4
Shields        | 1 3 |  3.4
Unarmed Combat | 1 3 |  3.4
Evocations     | 1 3 |  3.4
Conjurations   | 1 2 |  2.7
Hexes          | 1 2 |  2.7
Summonings     | 1 2 |  2.7
Necromancy     | 1 2 |  2.7
Translocations | 1 2 |  2.7
Transmutations | 1 2 |  2.7
Fire Magic     | 1 2 |  2.7
Ice Magic      | 1 2 |  2.7
Air Magic      | 1 2 |  2.7
Earth Magic    | 1 2 |  2.7
Poison Magic   | 1 2 |  2.7
Armour         | 3 4 |  4.3
Fighting       | 5 |  5.7
Axes           | 5 |  5.7
Dodging        | 5 |  5.7
Charms         | 6 |  6.2

Action                   |  1- 3 |  4- 6 |  7- 9 || total
-------------------------+-------+-------+-------++-------
Melee: Hand axe          |    71 |    13 |       ||    84
       Bite              |     6 |     2 |     3 ||    11
       Punch             |     1 |     1 |       ||     2
       Flail             |       |    26 |     2 ||    28
       War axe           |       |       |    35 ||    35
       Lajatang          |       |       |     3 ||     3
 Cast: Infusion          |     3 |       |       ||     3
       Song of Slaying   |    11 |     2 |     3 ||    16
       Shroud of Golubri |     3 |     1 |     3 ||     7
       Spectral Weapon   |     8 |     6 |     8 ||    22
       Regeneration      |       |     3 |     2 ||     5
  Use: Potion            |       |     3 |       ||     3
       Scroll            |       |     4 |       ||     4
 Stab: Distracted        |     1 |     1 |     3 ||     5
  Eat: Chunk             |       |     1 |     1 ||     2
       Ration            |       |     1 |       ||     1
Armor: Leather armour    |    16 |    11 |    10 ||    37
       Skin              |       |    14 |       ||    14
Dodge: Dodged            |    35 |    19 |    65 ||   119

Table legend:
 A = Turns spent in this place as a percentage of turns spent in the entire game.
 B = Non-inter-level travel turns spent in this place as a percentage of non-inter-level travel turns spent in the entire game.
 C = Inter-level travel turns spent in this place as a percentage of turns spent in this place.
 D = Turns resting spent in this place as a percentage of non-inter-level travel turns spent in this place.
 E = Turns spent auto-exploring this place as a percentage of non-inter-level travel turns spent in this place.
 F = Non-inter-level travel turns spent in this place divided by the number of levels of this place that you've seen.
                   A       B       C       D       E      F
               +-------+-------+-------+-------+-------+----------------------
         Total | 100.0 | 100.0 |   1.5 |   0.0 |   0.0 | 150.6
       Dungeon |  94.3 |  94.2 |   1.5 |   0.0 |   0.0 | 159.6
        Bailey |   5.7 |   5.8 |   0.0 |   0.0 |   0.0 |  78.0
               +-------+-------+-------+-------+-------+----------------------

Table legend:
 A = Kills in this place as a percentage of kills in entire the game.
 B = Kills by you in this place as a percentage of kills by you in the entire game.
 C = Kills by friends in this place as a percentage of kills by friends in the entire game.
 D = Other kills in this place as a percentage of other kills in the entire game.
 E = Experience gained in this place as a percentage of experience gained in the entire game.
 F = Experience gained in this place divided by the number of levels of this place that you have seen.
                   A       B       C       D       E      F
               +-------+-------+-------+-------+-------+----------------------
         Total | 100.0 | 100.0 |   N/A |   N/A | 100.0 | 216.3
       Dungeon |  77.6 |  77.6 |   N/A |   N/A |  97.7 | 237.8
        Bailey |  22.4 |  22.4 |   N/A |   N/A |   2.3 |  45.0
               +-------+-------+-------+-------+-------+----------------------

Vault maps used:
D:1:      lightli_arrival_isolated_outpost
D:2:      old_standard_altar, old_standard_altar, serial_bayou,
          serial_bayou_pond_d, serial_bayou_pond_d, serial_bayou_shore_b,
          serial_bayou_pond_e
D:3:      tgw_sif
D:6:      chequers_temple_overflow_statue_of_worship, minmay_strange_pillars,
          minivault_23
D:7:      lemuel_round_altar, temple_doors_e, enter_bailey_2,
          lemuel_oklob_altar, uniq_joseph
D:8:      grunt_lair_entry_orc_guard_hut
D:9:      minmay_orc_entry_temple_small
D:10:     lemuel_insect_pit, hangedman_stone_soup
Bailey:   bailey_polearm_5, bailey
